 Dungeon Crawl Stone Soup version 0.22.0 (webtiles) character file.

243 BigChef the Skirmisher (level 5, -2/42 HPs)
             Began as a Demonspawn Abyssal Knight on Aug 20, 2018.
             Was a Believer of Lugonu.
             Slain by Grinder (6 damage)
             ... on level 5 of the Dungeon.
             The game lasted 00:05:06 (3230 turns).

BigChef the Skirmisher (Demonspawn Abyssal Knight)  Turns: 3230, Time: 00:05:06

Health: -2/42      AC: 12    Str: 14    XL:     5   Next: 82%
Magic:  7/7        EV:  1    Int: 13    God:    Lugonu [**....]
Gold:   192        SH:  6    Dex: 12    Spells: 4/4 levels left

rFire    . . .     SeeInvis .   a - +2 spear
rCold    . . .     Gourm    .   u - -1 shield
rNeg     . . .     Faith    .   e - +0 plate armour
rPois    .         Spirit   .   (helmet restricted)
rElec    .         Reflect  .   (no cloak)
rCorr    .         Harm     .   q - +0 pair of gloves
MR       .....                  (no boots)
Stlth    ..........             (no amulet)
HPRegen  0.14/turn              (no ring)
MPRegen  0.10/turn              (no ring)

@: no status effects
A: horns 1
a: Depart the Abyss, Bend Space, Renounce Religion


You were on level 5 of the Dungeon.
You worshipped Lugonu.
Lugonu was pleased with you.
You were hungry.

You visited 1 branch of the dungeon, and saw 5 of its levels.
You visited the Abyss 1 time.

You collected 192 gold pieces.

Inventory:

Hand Weapons
 a - a +2 spear (weapon)
Armour
 b - a +0 leather armour
 e - a +0 plate armour (worn)
 q - a +0 pair of gloves (worn)
 u - a -1 shield (worn)
Jewellery
 l - an uncursed ring of protection from fire {unknown}
Wands
 r - a wand of clouds (6)
Scrolls
 g - a scroll of identify
 i - 3 scrolls of teleportation
 j - 3 scrolls of remove curse
 o - 2 scrolls of magic mapping
 t - 2 scrolls of fear {unknown}
 v - a scroll of enchant armour {unknown}
 w - a scroll of blinking {unknown}
Potions
 d - a potion of cancellation
 f - a potion of brilliance {unknown}
 h - a potion of degeneration {unknown}
 k - 2 potions of flight {unknown}
 m - a potion of curing
 n - a potion of mutation {unknown}
 p - a potion of haste {unknown}
 s - a potion of magic {unknown}
 x - a potion of resistance {unknown}
 z - a potion of lignification {unknown}
Comestibles
 c - 12 rations


   Skills:
 + Level 4.1 Fighting
 + Level 3.7 Polearms
 + Level 3.3 Armour
 + Level 1.0 Dodging
 + Level 0.1 Stealth
 + Level 0.2 Shields
 + Level 2.9 Invocations
 + Level 0.1 Evocations


You had 4 spell levels left.
You didn't know any spells.
Your spell library was empty.

Dungeon Overview and Level Annotations

Branches:
Dungeon (5/15)             Temple (0/1) D:5

Altars:
Fedhas
Qazlal

Annotations:
D:5 Grinder


Innate Abilities, Weirdness & Mutations

You have a pair of small horns on your head.


Message History

You are too injured to fight recklessly!
Unknown command.
You are too injured to fight recklessly!
Unknown command.
You closely miss Grinder.
Grinder is almost dead.
Grinder blinks!
Grinder blinks!
There is a stone staircase leading down here.
Grinder gestures at you. You resist with significant effort.
Grinder gestures at you. Pain shoots through your body!
* * * LOW HITPOINT WARNING * * *
Grinder gestures at you. You resist with significant effort. Grinder hits you.
* * * LOW HITPOINT WARNING * * *
You writhe in agony.
You die...

##........##
#...........#
##............
#...........#
#<........>.#
#...........#
#..........#
#..5.......##
#..@........#
#...........##
#..<..>.......
#...........##
#######..≈§≈..
.≈≈§≈≈.
≈≈≈≈§≈≈
≈≈≈>≈§§
≈≈≈≈≈≈§


You could see Grinder.

Vanquished Creatures
  An ogre (D:4)
  A howler monkey (D:4)
  A worker ant (D:4)
  2 adders (D:2)
  2 oozes
  3 worms
  A dart slug (D:2)
  4 leopard geckos
  5 orcs (D:4)
  3 giant cockroaches
  4 hobgoblins
  3 jackals (D:1)
  2 quokkas (D:2)
  5 bats
  6 frilled lizards
  A goblin (D:2)
  6 kobolds
  A leopard gecko skeleton (D:4)
  3 rats
54 creatures vanquished.

Notes
Turn   | Place    | Note
-------+----------+-------------------------------------------
     0 | Abyss:1  | BigChef the Demonspawn Abyssal Knight began the quest for the Orb.
     0 | Abyss:1  | Reached XP level 1. HP: 18/18 MP: 2/2
    16 | D:1      | Escaped the Abyss
   209 | D:1      | Gained mutation: You have a pair of small horns on your head. [demonic ancestry]
   209 | D:1      | Reached XP level 2. HP: 18/24 MP: 3/3
   630 | D:1      | Reached skill level 1 in Dodging
   669 | D:2      | Reached ** piety under Lugonu
   739 | D:2      | Reached XP level 3. HP: 17/30 MP: 4/4
  1738 | D:3      | Reached XP level 4. HP: 36/37 MP: 6/6
  2361 | D:4      | Noticed an ogre
  2377 | D:5      | Entered Level 5 of the Dungeon
  2619 | D:4      | Killed an ogre
  2619 | D:4      | Reached skill level 4 in Fighting
  2619 | D:4      | Reached XP level 5. HP: 18/42 MP: 7/7
  2879 | D:4      | Found a blossoming altar of Fedhas.
  2898 | D:4      | Found a stormy altar of Qazlal.
  3163 | D:5      | Noticed Grinder
  3190 | D:5      | Found a staircase to the Ecumenical Temple.
  3197 | D:5      | Paralysed by Grinder for 6 turns
  3207 | D:5      | Paralysed by Grinder for 4 turns
  3214 | D:5      | Paralysed by Grinder for 2 turns
  3217 | D:5      | Paralysed by Grinder for 5 turns
  3230 | D:5      | Slain by Grinder

Skill      XL: |  1  2  3  4  5 |
---------------+----------------+-----
Polearms       | 2 3 |  3.7
Armour         | 2 3 |  3.3
Dodging        | 1 |  1.0
Fighting       | 4 |  4.1
Stealth        | |  0.1
Shields        | |  0.2
Invocations    | |  2.9
Evocations     | |  0.1

Action                   |  1- 3 |  4- 6 || total
-------------------------+-------+-------++-------
Melee: Spear             |   160 |    68 ||   228
       Headbutt          |    16 |    16 ||    32
Evoke: Wand              |       |     1 ||     1
  Use: Scroll            |     8 |     2 ||    10
       Potion            |       |     1 ||     1
  Eat: Chunk             |     2 |     5 ||     7
Armor: Plate armour      |   102 |    37 ||   139
       Leather armour    |     3 |       ||     3
Dodge: Dodged            |    28 |     5 ||    33
Block: Shield            |       |    18 ||    18
